 Dungeon Crawl Stone Soup version 0.26-a0-784-g51bffae0b1 (webtiles) character file.

Game seed: 2640732814732983677

387 n0tAlx the Insei (level 6, -6/42 HPs)
             Began as an Octopode Transmuter on Nov 10, 2020.
             Killed by divine providence
             ... invoked by an orc priest
              (12 damage)
             ... on level 5 of the Dungeon.
             The game lasted 00:10:09 (3832 turns).

n0tAlx the Insei (Octopode Transmuter)              Turns: 3832, Time: 00:10:10

Health: -6/42      AC:  1    Str:  9    XL:     6   Next: 78%
Magic:  9/9        EV: 17    Int: 16    God:
Gold:   186        SH:  0    Dex: 14    Spells: 6/10 levels left

rFire    x . .     SeeInvis .     - Unarmed
rCold    + . .     Faith    .   (no shield)
rNeg     . . .     Spirit   .   (helmet restricted)
rPois    .         Reflect  .   (no amulet)
rElec    .         Harm     .   d - +4 ring of evasion
rCorr    .         Rampage  .   m - ring of ice
MR       .....                  (no ring)
Stlth    +++.......             (no ring)
HPRegen  0.14/turn              (no ring)
MPRegen  0.11/turn              (no ring)
                                (no ring)
                                (no ring)

@: no status effects
A: almost no armour, stealthy swim, amphibious, 8 rings, constrict 8, camouflage
1, gelatinous body 1
a: no special abilities


You were on level 5 of the Dungeon.
You visited 1 branch of the dungeon, and saw 5 of its levels.

You collected 186 gold pieces.

Inventory:

Missiles
 l - 2 throwing nets (quivered) {!f}
Jewellery
 d - a +4 ring of evasion (left tentacle)
   (You found it on level 2 of the Dungeon)
 m - a ring of ice (right tentacle)
   (You found it on level 4 of the Dungeon)
Scrolls
 a - a scroll of amnesia {unknown}
 c - 4 scrolls of identify {unknown}
 e - a scroll of random uselessness {unknown}
 j - a scroll of teleportation {unknown}
 k - a scroll of immolation {unknown}
 n - a scroll of blinking {unknown}
Potions
 b - a potion of curing {unknown}
 f - 2 potions of degeneration {unknown}
 g - a potion of mutation {unknown}
 h - 2 potions of resistance {unknown}
 i - 3 potions of invisibility {unknown}


   Skills:
 + Level 3.5 Fighting
 - Level 2.0 Dodging
 + Level 2.2 Stealth
 * Level 5.9 Unarmed Combat
 + Level 2.5 Spellcasting
 - Level 2.0 Transmutations


You had 6 spell levels left.
You knew the following spells:

 Your Spells              Type           Power        Failure   Level
a - Beastly Appendage     Tmut           #.....       9%          1
x - Spider Form           Tmut/Pois      #.........   36%         3

Your spell library contained the following spells:

 Spells                   Type           Power        Failure   Level
 Wereblood                Tmut           #.......     13%         2
 Ice Form                 Ice/Tmut       #.......     78%         4
 Blade Hands              Tmut           #.........   94%         5


Dungeon Overview and Level Annotations

Branches:
Dungeon (5/15)
 Temple: D:4-7

Altars:
Hepliaklqana
Nemelex Xobeh
Qazlal


Innate Abilities, Weirdness & Mutations

You cannot wear most types of armour.
You are very stealthy in the water. (Stealth+)
You are amphibious.
You can wear up to eight rings at the same time.
You can use your tentacles to constrict eight enemies at once.
Your skin changes colour to match your surroundings (Stealth+).
Your rubbery body absorbs attacks. (AC +1, EV +1)


Message History

You climb downwards.
There is a stone staircase leading up here.
Found 20 gold pieces.
You now have 175 gold pieces (gained 20).
Found a leather armour and 11 gold pieces.
Found a scroll labeled ROTE SUXKULE.
Found a stone staircase leading down.
Found an escape hatch in the floor.
c - 4 scrolls labeled ROTE SUXKULE (gained 1)
You now have 186 gold pieces (gained 11).
Found a stone staircase leading down.
Found a scroll labeled YKKIYJ AXO.
Found 11 gold pieces.
A worker ant and an orc come into view.
There are monsters nearby!
There are monsters nearby!
An orc comes into view. It is wielding a +0 dagger.
A quokka comes into view.
An orc priest comes into view. It is wielding a +0 mace.
The orc priest shouts!
The orc hits you from afar with a +0 trident!
An orc priest comes into view. It is wielding a +0 flail.
The orc closely misses you.
The orc priest shouts!
The orc shouts!
You tentacle-slap the orc but do no damage.
Your grab misses the orc.
You hear an angry hiss.
The orc misses you.
You barely miss the orc. You grab the orc. You tentacle-slap the orc.
You constrict the orc.
The orc priest mumbles some strange prayers to Beogh against you.
Beogh smites you! The orc misses you. The quokka misses you.
You release your grip on the orc.
The quokka bites you. The orc misses you.
The orc priest looks satisfied for a moment.
The quokka barely misses you.
The orc priest calls upon Beogh to heal the orc.
The orc is healed somewhat.
The orc priest calls upon Beogh to heal the orc.
The orc's wounds heal themselves!
The orc priest mumbles some strange prayers to Beogh against you.
Beogh smites you!
* * * LOW HITPOINT WARNING * * *
The quokka bites you.
* * * LOW HITPOINT WARNING * * *
There is a stone staircase leading down here.
You can't go up here!
Okay, then.
The orc priest invokes the aid of Beogh against you.
Beogh smites you!
You die...

#.....# #.....# #.....####
#.....#.. +...$.#.#
###.....#.### #...........#
#####.......#.#.###
........oo...or@..# .##
......?...o.....#.# ...#
...........>..###.# ###..#
..................# #<#..#
...........#..#...# #.#..#
..............#..## #.#..#
..........##.....#####.#..#
...####.............#.....#
... #....#..#.###.#..#..#


You could see 2 orc priests, 2 orcs and a quokka.

Vanquished Creatures
  Edmund (D:4)
  A howler monkey (D:4)
  An orc priest (D:3)
  Crazy Yiuf (D:2)
  An orc wizard (D:2)
  A hound skeleton (D:4)
  A howler monkey zombie (D:3)
  4 adders
  An ooze (D:4)
  An adder skeleton (D:4)
  3 worms
  A dart slug (D:2)
  A leopard gecko (D:1)
  8 orcs
  7 giant cockroaches
  2 goblins
  7 hobgoblins
  2 jackals (D:1)
  A quokka (D:3)
  2 ball pythons
  8 bats
  A frilled lizard (D:2)
  6 kobolds
  7 rats
69 creatures vanquished.

Notes
Turn   | Place    | Note
-------+----------+-------------------------------------------
     0 | D:1      | n0tAlx the Octopode Transmuter began the quest for the Orb.
     0 | D:1      | Reached XP level 1. HP: 13/13 MP: 3/3
   149 | D:1      | Reached XP level 2. HP: 18/18 MP: 5/5
   364 | D:1      | Found a sparkling altar of Nemelex Xobeh.
  1056 | D:2      | Reached XP level 3. HP: 22/24 MP: 4/6
  1210 | D:2      | Found a hazy altar of Hepliaklqana.
  1248 | D:2      | Reached skill level 4 in Unarmed Combat
  1685 | D:2      | Found a runed translucent door.
  1686 | D:2      | Noticed Crazy Yiuf
  1702 | D:2      | Killed Crazy Yiuf
  1702 | D:2      | Reached XP level 4. HP: 24/29 MP: 7/7
  1994 | D:3      | Reached skill level 5 in Unarmed Combat
  1994 | D:3      | Reached XP level 5. HP: 36/36 MP: 6/8
  3112 | D:4      | Found a stormy altar of Qazlal.
  3120 | D:4      | Noticed Edmund
  3164 | D:4      | Reached XP level 6. HP: 40/42 MP: 9/9
  3356 | D:3      | Learned a level 3 spell: Spider Form
  3378 | D:4      | Killed Edmund
  3776 | D:5      | Entered Level 5 of the Dungeon
  3832 | D:5      | Killed from afar by an orc priest

Illustrated notes

Levels and vault maps discovered:
D:1:      matt_arrival_diagonals, layout_loops_ring,
          nemelex_diamond_rough_becter
D:2:      layout_basic, lemuel_doored_altar, uniq_crazy_yiuf_cottage
D:3:      layout_basic, kennysheep_generic_room_14
D:4:      layout_cave_pools, grunt_qazlal_sundering, uniq_edmund
D:5:      layout_basic, overflow_temple_1_default, uniq_blork_the_orc

Skill      XL: |  1  2  3  4  5  6 |
---------------+-------------------+-----
Unarmed Combat | 4 5 |  5.9
Fighting       | 2 3 |  3.5
Stealth        | 2 |  2.2
Dodging        | |  2.0
Spellcasting   | |  2.5
Transmutations | |  2.0

Action                   |  1- 3 |  4- 6 || total
-------------------------+-------+-------++-------
Melee: Unarmed           |    91 |    94 ||   185
       Constrict         |    29 |    26 ||    55
       Tentacles         |     8 |    18 ||    26
       Kick              |     4 |    19 ||    23
       Punch             |     2 |     2 ||     4
 Cast: Beastly Appendage |     4 |    13 ||    17
       Spider Form       |       |     1 ||     1
 Stab: Sleeping          |     9 |     5 ||    14
Armor: Skin              |    12 |     3 ||    15
Dodge: Dodged            |    57 |    57 ||   114

Table legend: (Time is in decaauts)
 A = Elapsed time spent in this place.
 B = Non-inter-level travel time spent in this place.
 C = Inter-level travel time spent in this place.
 D = Time resting spent in this place.
 E = Time spent auto-exploring this place.
 F = Levels seen in this place.
 G = Mean time per level.
                   A        B        C        D        E       F      G
               +--------+--------+--------+--------+--------+-----+--------+
         Total |   3818 |   3773 |     45 |   1109 |   2089 |   5 |  763.6 |
       Dungeon |   3818 |   3773 |     45 |   1109 |   2089 |   5 |  763.6 |
               +--------+--------+--------+--------+--------+-----+--------+

Top non-repeatable levels by time:
     D:2: 1272 daAuts
     D:4: 1017 daAuts
     D:3: 774 daAuts
     D:1: 698 daAuts
     D:5: 55 daAuts
